 Dungeon Crawl Stone Soup version 0.29.1-15-g9cfb28693d (webtiles) character file.

Game seed: 8212462870482668576

1233 MajorAdolf the Conjurer (level 8, -5/62 HPs)
             Began as a Naga Wanderer on Apr 10, 2023.
             Slain by a water moccasin (7 damage)
             ... on level 6 of the Dungeon on Apr 16, 2023.
             The game lasted 00:14:01 (8717 turns).

MajorAdolf the Conjurer (Naga Wanderer)             Turns: 8717, Time: 00:14:02

Health: -5/62      AC:  2    Str: 12    XL:     8   Next: 48%
Magic:  12/15      EV: 18    Int: 18    God:
Gold:   332        SH:  0    Dex: 17    Spells: 8/16 levels left

rFire   . . .      SeeInvis +   (weapon currently unavailable)
rCold   + . .      Faith    .   (shield currently unavailable)
rNeg    . . .      Spirit   .   (body armour currently unavailable)
rPois   x          Reflect  .   (helmet currently unavailable)
rElec   .          Harm     .   (cloak currently unavailable)
rCorr   .          Rampage  .   (gloves currently unavailable)
Will    +....                   (no barding)
Stlth   ++........              (no amulet)
HPRegen 0.20/turn               t - ring of protection from cold
MPRegen 0.14/turn               (no ring)

@: lethally poisoned (-5 -> -47), spider-form
A: venomous fangs, AC +2, tiny, see invisible, (deformed body), (poison
resistance), (slowness 2), spit poison 1, (naga tail 1), clever 1
a: Spit Poison, End Transformation


You were on level 6 of the Dungeon.
You were a venomous arachnid creature.
You visited 2 branches of the dungeon, and saw 7 of its levels.

You collected 332 gold pieces.

Inventory:

Hand Weapons
 g - a +2 whip of draining (melded)
Missiles
 v - 4 throwing nets
Armour
 a - a +2 robe of positive energy (melded)
 b - a +0 cloak (melded)
 d - a +2 helmet
Jewellery
 t - a ring of protection from cold (left front leg)
Wands
 i - a wand of roots (12)
 s - a wand of mindburst (14)
 w - a wand of charming (3)
Scrolls
 e - 5 scrolls of identify {unknown}
 j - 2 scrolls of amnesia {unknown}
 m - a scroll of enchant weapon {unknown}
 o - 2 scrolls of vulnerability {unknown}
 u - 2 scrolls of noise {unknown}
Potions
 c - 2 potions of berserk rage
 f - 2 potions of degeneration {unknown}
 h - 3 potions of attraction {unknown}
 k - a potion of haste {unknown}
 l - 4 potions of might {unknown}
 n - a potion of ambrosia {unknown}
 p - a potion of brilliance {unknown}
 r - 3 potions of heal wounds {unknown}
 x - a potion of magic {unknown}
 z - a potion of resistance {unknown}


   Skills:
 - Level 4.0 Maces & Flails
 - Level 1.0 Armour
 - Level 1.0 Dodging
 + Level 4.9 Spellcasting
 - Level 5.0 Conjurations
 + Level 2.6 Hexes
 + Level 2.5 Transmutations
 - Level 4.0 Fire Magic
 + Level 2.5 Ice Magic
 - Level 2.0 Evocations


You had 8 spell levels left.
You knew the following spells:

 Your Spells              Type           Power      Damage    Failure   Level
a - Foxfire               Conj/Fire      80%        2x1d8     9%          1
b - Ensorcelled Hibernat  Hex/Ice        26%        N/A       19%         2
c - Passwall              Tmut/Erth      7%         N/A       28%         2
d - Spider Form           Tmut/Pois      9%         N/A       45%         3

Your spell library contained the following spells:

 Spells                   Type           Power      Damage    Failure   Level
 Beastly Appendage        Tmut           26%        N/A       14%         1
 Wereblood                Tmut           13%        N/A       19%         2
 Inner Flame              Hex/Fire       16%        N/A       26%         3
 Swiftness                Air            4%         N/A       61%         3


Dungeon Overview and Level Annotations

Branches:
Dungeon (6/15)             Temple (1/1) D:5

Altars:
Ashenzari
Dithmenos
Fedhas
Hepliaklqana
Kikubaaqudgha
Makhleb
Nemelex Xobeh
Okawaru
Qazlal
Sif Muna
Uskayaw
Vehumet
Wu Jian
Xom
Yredelemnul
Zin
The Shining One

Shops:
D:4 [   D:6 *


Innate Abilities, Weirdness & Mutations

You are a venomous arachnid creature.
You have poisonous fangs.
You are tiny and dextrous.
Your spellcasting is less reliable in this form.
Your armour is entirely melded.
You are incapable of wielding weapons or throwing items.
((Your serpentine skin is tough. (AC +2)))
You have supernaturally acute eyesight. (SInv)
((Armour fits poorly on your strangely shaped body.))
((Your system is resistant to poisons. (rPois)))
((You cover ground very slowly.))
You can spit poison.
((You have a snake-like lower body.))
Your mind is acute. (Int +4, Str/Dex -1)


Message History

Found Muym's Serpentskin Sales.
Okay, then.
Casting: Foxfire (safe; 2% risk of failure)
Confirm with . or Enter, or press ? or * to list all spells.
You turn into a venomous arachnid creature.
Your +2 whip of draining melds into your body.
Your +0 cloak melds into your body.
Your +2 robe of positive energy melds into your body.
You feel less protected from negative energy.
The water moccasin bites you. x2
The water moccasin misses you. The water moccasin bites you!
The water moccasin closely misses you.
The water moccasin attacks as you move away!
The water moccasin bites you.
You are poisoned.
The water moccasin poisons you!
You feel extremely sick.
The water moccasin completely misses you.
The water moccasin attacks as you move away!
The water moccasin bites you.
You are lethally poisoned!
The water moccasin poisons you!
* * * LOW HITPOINT WARNING * * *
You feel extremely sick. The water moccasin bites you.
* * * LOW HITPOINT WARNING * * *
The water moccasin bites you but does no damage.
The water moccasin misses you.
Okay, then.
Okay, then.
Casting: Spider Form (dangerous; 45% risk of failure)
Confirm with . or Enter, or press ? or * to list all spells.
Okay, then.
As you read the scroll labelled ODUONT LUIKEXEZU, it crumbles to dust.
It is a scroll of enchant armour.
Your +1 helmet glows green for a moment.
* * * LOW HITPOINT WARNING * * *
You feel extremely sick. The water moccasin misses you.
The water moccasin bites you!
You die...

.†..........##.##
.#.##.#######...#
.#.##.# #...###
##.##.# ##+##..##
#.##+# #...#...#
##.# #.∩.#...#
.... #...###.# #
.. #'####.# #
###.SSs#.# +
+.)..SS..# #
####...#.#
##.##.# ####.#
#.# #.# #.# .#


You could see 4 water moccasins.

Vanquished Creatures
  Sigmund (D:3)
  2 water moccasins
  A sky beast (D:6)
  An ogre (D:4)
  A phantom (D:5)
  A necrophage (D:5)
  A gnoll sergeant (D:6)
  2 scorpions
  A jelly (D:6)
  2 quasits
  Ijyb (D:5)
  An iguana (D:5)
  An orc wizard (D:3)
  8 adders
  3 gnolls (D:6)
  2 shadow imps
  An ufetubus (D:5)
  2 dart slugs
  6 orcs
  7 ball pythons
  7 bats
  6 endoplasms
  5 giant cockroaches
  7 hobgoblins
  8 jackals (D:1)
  2 quokkas (D:2)
  2 goblins
  5 kobolds
  3 rats
90 creatures vanquished.

Vanquished Creatures (collateral kills)
  2 foxfires (D:5)
2 creatures vanquished.

Vanquished Creatures (others)
  3 demonic plants (D:5)
  437 foxfires
440 creatures vanquished.

Grand Total: 532 creatures vanquished

Notes
Turn   | Place    | Note
-------+----------+-------------------------------------------
     0 | D:1      | MajorAdolf the Naga Wanderer began the quest for the Orb.
     0 | D:1      | MajorAdolf set off with the following items: a +2 mace, a
                  | +0 cloak, a potion of berserk rage, a +0 leather armour;
                  | and the following spell memorised: Foxfire; and the
                  | following spells available to memorise: Inner Flame.
     0 | D:1      | Reached XP level 1. HP: 15/15 MP: 2/2
   616 | D:1      | Reached XP level 2. HP: 22/22 MP: 0/3
  1301 | D:1      | Reached XP level 3. HP: 3/28 MP: 1/4
  2272 | D:2      | Found a shimmering blue altar of Sif Muna.
  2940 | D:2      | Reached XP level 4. HP: 36/36 MP: 1/6
  2946 | D:2      | Reached skill level 1 in Conjurations
  3325 | D:3      | Found a stormy altar of Qazlal.
  3331 | D:3      | You fall into a shaft and drop 1 floor!
  3580 | D:3      | Found an ornate altar of the Wu Jian Council.
  3625 | D:3      | Noticed Sigmund
  3645 | D:3      | Gained mutation: You have a pair of small horns on your
                  | head. [potion of mutation]
  4421 | D:4      | Noticed a scorpion
  4431 | D:4      | Killed a scorpion
  4432 | D:4      | Reached skill level 2 in Conjurations
  4432 | D:4      | Reached XP level 5. HP: 30/42 MP: 0/8
  4571 | D:4      | Found Udealaex's Armour Boutique.
  5011 | D:4      | Found a radiant altar of Vehumet.
  5013 | D:4      | Noticed an ogre
  5022 | D:4      | Killed an ogre
  5023 | D:4      | Reached skill level 3 in Conjurations
  5023 | D:4      | Reached XP level 6. HP: 24/49 MP: 2/10
  5369 | D:3      | Killed Sigmund
  5370 | D:3      | Reached skill level 4 in Conjurations
  5613 | D:3      | Found a burning altar of Makhleb.
  5649 | D:3      | Reached XP level 7. HP: 55/55 MP: 6/12
  5914 | D:5      | Entered Level 5 of the Dungeon
  6120 | D:5      | Found an ancient bone altar of Kikubaaqudgha.
  6161 | D:5      | Lost mutation: You have a pair of small horns on your head.
                  | [potion of mutation]
  6161 | D:5      | Gained mutation: Your magical capacity is low. (-10% MP)
                  | [potion of mutation]
  6161 | D:5      | Lost mutation: Your magical capacity is low. (-10% MP)
                  | [potion of mutation]
  6161 | D:5      | Gained mutation: Your mind is acute. (Int +4, Str/Dex -1)
                  | [potion of mutation]
  6169 | D:5      | Learned a level 2 spell: Ensorcelled Hibernation
  6172 | D:5      | Learned a level 2 spell: Passwall
  6176 | D:5      | Learned a level 3 spell: Spider Form
  6383 | D:5      | Found a staircase to the Ecumenical Temple.
  6392 | Temple   | Entered the Ecumenical Temple
  6700 | D:5      | Found a shimmering altar of Xom.
  6700 | D:5      | Noticed an angel
  6712 | D:5      | Found a glowing silver altar of Zin.
  6732 | D:5      | Noticed Ijyb
  6746 | D:5      | Killed Ijyb
  6747 | D:5      | Reached skill level 1 in Hexes
  6836 | D:5      | Reached skill level 1 in Transmutations
  7704 | D:5      | Reached skill level 1 in Ice Magic
  7814 | D:5      | Reached XP level 8. HP: 62/62 MP: 9/14
  8341 | D:6      | Reached skill level 5 in Conjurations
  8711 | D:6      | Found Muym's Serpentskin Sales.
  8717 | D:6      | HP: 2/62 [poisoned by a water moccasin]
  8717 | D:6      | Slain by a water moccasin

Illustrated notes

Levels and vault maps discovered:
D:1:      giann_forest_graveyard, layout_loops_cross, minmay_misc_feat_tower
D:2:      layout_loops_cross, basic_altar
D:3:      wander_river, layout_rooms, nicolae_overflow_crystal_walls,
          mainiacjoe_overflow_brackets, mainiacjoe_overflow_tiny_flanked,
          uniq_sigmund
D:4:      layout_cave_pods, kennysheep_little_box, serial_shops,
          nicolae_diamond_shop, saegor_snake_ambush
D:5:      minmay_angry_zag, layout_loops_ring,
          grunt_temple_overflow_order_and_chaos_1, mainiacjoe_overflow_alcove_4,
          minmay_temple_entry_statues_pillars, serial_demonic, serial_demonic_e,
          serial_demonic_b, serial_demonic_g, serial_demonic_f,
          amcnicky_mini_corridor_feature, minivault_19, uniq_ijyb
D:6:      layout_loops_corners, slow_altar_1, guppyfry_shop_venom
Temple:   hellmonk_temple_beads

Skill      XL: |  1  2  3  4  5  6  7  8 |
---------------+-------------------------+-----
Fire Magic     | 2 3 4 |  4.0
Conjurations   | 2 3 4 5 |  5.0
Spellcasting   | 2 3 4 |  4.9
Hexes          | 1 2 |  2.6
Transmutations | 1 2 |  2.5
Ice Magic      | 1 2 |  2.5
Maces & Flails | |  4.0
Armour         | |  1.0
Dodging        | |  1.0
Evocations     | |  2.0

Action                   |  1- 3 |  4- 6 |  7- 9 || total
-------------------------+-------+-------+-------++-------
Melee: Mace              |    30 |     5 |       ||    35
       Punch             |     1 |       |     1 ||     2
       Whip              |       |    12 |    30 ||    42
       Headbutt          |       |     3 |     1 ||     4
 Cast: Foxfire           |    56 |    83 |   112 ||   251
       Passwall          |       |       |     1 ||     1
       Spider Form       |       |       |     1 ||     1
 Abil: Spit Poison       |    15 |    13 |     3 ||    31
  Use: Potion            |       |     2 |     1 ||     3
       Scroll            |       |       |     1 ||     1
Armor: Leather armour    |    26 |    22 |       ||    48
       Robe              |       |       |    72 ||    72
       Skin              |       |       |     1 ||     1
Dodge: Dodged            |    49 |    22 |    68 ||   139
